Map: Odyssey LE

Players

Jebedoh - Winner!

  • Race: Zerg Zerg
  • League: Diamond
  • Spawn Location: 5:00

Gibbs

  • Race: Zerg Zerg
  • League: Diamond
  • Spawn Location: 11:00

VOD

Have the link to the VOD?

Description

Fighting fast gold into roach hydra with ling bane hydra.

Time

  • Played on: Dec. 28, 2017, 4:08 p.m.
  • Length: 13:39
Show
View Real Time Build Order
Export as new Build Order

Jebedoh Zerg - Winner!

Build Orders: Hatch First 

Get SALT Encoding   

  12  0:01  Drone  
  13  0:12  Overlord  
  13  0:17  Drone  
  14  0:31  Drone x2  
  14  0:34  Drone  
  17  0:52  Hatchery  
  17  0:56  Drone  
  17  0:59  Drone  
  18  1:10  Extractor  
  17  1:14  Spawning Pool  
  17  1:17  Drone  
  17  1:21  Drone  
  18  1:28  Drone  
  19  1:38  Overlord  
  19  2:01  Zergling x4  
  19  2:02  Queen  
  19  2:04  Queen  
  19  2:05  Zergling x2  
  26  2:14  Zergling x2  
  28  2:15  Drone  
  28  2:16  Metabolic Boost  
  28  2:23  Drone  
  28  2:27  Drone  
  30  2:32  Overlord  
  30  2:45  Zergling x4  
  32  2:57  Hatchery  
  31  3:00  Overlord  
  31  3:02  Drone x2  
  33  3:14  Drone  
  33  3:15  Drone x3  
  33  3:16  Baneling Nest  
  35  3:27  Zergling x2  
  35  3:28  Zergling x8  
  37  3:47  Zergling x6  
  39  3:51  Queen  
  39  3:52  Drone x2  
  43  4:02  Baneling  
  43  4:03  Baneling  
  43  4:10  Drone x3  
  43  4:11  Evolution Chamber  
  42  4:29  Zergling x2  
  42  4:30  Zergling x16  
  45  4:45  Overlord  
  45  4:48  Zergling x10  
  45  4:49  Baneling  
  45  4:50  Baneling  
  50  4:57  Queen  
  52  5:02  Drone x3  
  55  5:13  Drone x7  
  62  5:23  Zergling x4  
  62  5:28  Queen  
  66  5:32  Extractor  
  66  5:34  Extractor  
  64  5:40  Lair  
  65  5:42  Drone  
  65  5:43  Drone  
  65  5:44  Extractor  
  65  5:47  Drone  
  65  5:49  Overlord x3  
  66  5:51  Baneling  
  66  5:52  Baneling  
  66  5:55  Overlord x2  
  66  6:14  Drone x3  
  66  6:15  Drone x2  
  66  6:17  Zerg Melee Weapons Level 1  
  71  6:19  Drone  
  71  6:21  Evolution Chamber  
  71  6:22  Hatchery  
  71  6:23  Spore Crawler  
  71  6:24  Drone  
  66  6:47  Zerg Ground Armor Level 1  
  66  6:54  Hydralisk Den  
  66  6:55  Drone x11  
  66  6:56  Drone x8  
  66  6:58  Baneling  
  66  6:59  Baneling  
  66  7:01  Baneling x2  
  84  7:12  Spore Crawler  
  84  7:13  Extractor x2  
  84  7:14  Spine Crawler, Drone  
  84  7:15  Drone x5  
  86  7:29  Overseer  
  86  7:32  Muscular Augments, Hydralisk  
  86  7:33  Hydralisk x2  
  92  7:41  Infestation Pit  
  91  7:46  Zergling x12  
  91  7:47  Zergling x12  
  91  7:51  Overlord  
  103  7:54  Overlord x2  
  103  8:13  Zerg Melee Weapons Level 2  
  103  8:15  Zergling x22  
  114  8:20  Hive  
  114  8:24  Spore Crawler  
  114  8:27  Drone x6  
  115  8:40  Hydralisk x6  
  125  8:47  Hatchery  
  123  8:53  Zerg Ground Armor Level 2  
  123  8:57  Hydralisk  
  123  8:58  Zergling x2  
  123  8:59  Zergling x18  
  129  9:14  Baneling x20  
  129  9:15  Baneling x5, Zergling x6  
  129  9:16  Zergling x4  
  131  9:29  Overlord x5  
  131  9:37  Centrifical Hooks  
  131  9:43  Overlord x2  
  131  9:48  Ultralisk Cavern  
  131  9:50  Adrenal Glands  
  131  9:51  Zergling x2  
  131  9:52  Zergling x14  
  137  10:08  Zergling x2  
  137  10:09  Zergling x32  
  151  10:26  Drone x4  
  155  10:30  Zerg Melee Weapons Level 3  
  155  10:41  Chitinous Plating  
  155  10:44  Ultralisk x2  
  155  10:45  Zergling x2  
  155  10:46  Zergling x12  
  174  10:50  Baneling  
  174  10:51  Baneling x6  
  174  11:00  Hatchery  
  174  11:02  Baneling x5  
  170  11:16  Ultralisk  
  170  11:18  Zergling x20  
  143  11:27  Ultralisk  
  143  11:28  Zergling x10  
  154  11:46  Zergling x4, Ultralisk  
  154  11:47  Zergling x12  
  150  11:53  Hydralisk  
  138  12:01  Ultralisk  
  138  12:12  Extractor  
  138  12:13  Extractor, Zergling x10  
  138  12:14  Zergling x4  
  132  12:26  Ultralisk x2  
  144  12:30  Baneling  
  144  12:31  Baneling x6  
  144  12:32  Zergling x20  
  144  12:33  Zergling x2  
  144  12:34  Overlord  
  155  12:48  Zergling x2  
  155  12:49  Zergling x8  
  160  12:54  Drone x2  
  162  13:01  Spore Crawler  
Show
View Real Time Build Order
Export as new Build Order

Gibbs Zerg 

Build Orders: Pool First 

Get SALT Encoding   

  12  0:01  Drone  
  13  0:12  Overlord  
  13  0:18  Drone  
  14  0:32  Drone x2  
  16  0:39  Drone  
  17  0:44  Extractor  
  17  0:48  Spawning Pool  
  15  1:10  Hatchery  
  14  1:14  Drone  
  15  1:21  Overlord  
  15  1:26  Drone  
  15  1:31  Drone  
  17  1:43  Queen  
  19  1:47  Drone  
  19  1:52  Drone  
  21  2:01  Drone  
  22  2:02  Metabolic Boost  
  22  2:16  Drone  
  22  2:22  Queen  
  25  2:28  Drone  
  26  2:35  Drone  
  26  2:36  Drone x2  
  29  2:47  Hatchery  
  29  2:51  Zergling x4  
  30  2:58  Spine Crawler  
  30  3:03  Spine Crawler  
  28  3:11  Zergling x6  
  31  3:18  Zergling x2  
  31  3:19  Zergling x2  
  31  3:28  Zergling x2  
  31  3:29  Zergling x4  
  34  3:35  Spine Crawler  
  33  3:47  Spine Crawler  
  32  3:49  Spine Crawler  
  32  3:52  Overlord  
  31  4:02  Queen  
  31  4:06  Drone x3  
  31  4:08  Drone  
  37  4:16  Drone x2  
  37  4:17  Drone  
  40  4:23  Drone x2  
  42  4:29  Queen  
  39  4:40  Spine Crawler  
  38  4:46  Spine Crawler  
  38  4:48  Spine Crawler  
  36  4:54  Spine Crawler  
  36  4:59  Drone x7  
  42  5:03  Drone  
  42  5:04  Drone  
  42  5:06  Drone  
  45  5:13  Spine Crawler  
  44  5:23  Overlord x3  
  44  5:34  Drone x3  
  44  5:35  Drone x3  
  50  5:38  Overlord  
  50  5:41  Extractor  
  49  5:43  Extractor, Lair  
  49  5:49  Extractor  
  47  5:53  Roach Warren  
  46  5:59  Evolution Chamber  
  46  6:00  Evolution Chamber  
  46  6:01  Drone x4  
  46  6:02  Drone x4  
  52  6:18  Drone  
  52  6:19  Drone x3  
  52  6:21  Drone x3  
  52  6:22  Drone x3  
  62  6:27  Zerg Ground Armor Level 1, Zerg Missile Weapons Level 1  
  62  6:45  Drone  
  62  6:46  Drone x5  
  68  6:47  Drone  
  68  6:51  Drone  
  70  6:54  Drone x2  
  70  6:56  Extractor  
  70  7:00  Drone  
  70  7:01  Drone x2  
  74  7:05  Hatchery  
  73  7:11  Hydralisk Den, Drone  
  73  7:17  Overlord x3  
  73  7:18  Overlord x4  
  73  7:19  Roach x3  
  79  7:28  Drone  
  80  7:34  Roach  
  82  7:37  Roach x5  
  82  7:38  Roach  
  82  7:41  Muscular Augments  
  82  7:43  Overlord x2  
  94  7:55  Roach x5  
  104  8:01  Roach x2  
  104  8:02  Roach x2  
  112  8:10  Infestation Pit  
  112  8:11  Drone  
  112  8:16  Lurker Den  
  112  8:17  Drone  
  112  8:23  Hydralisk x3  
  112  8:24  Hydralisk x6  
  112  8:25  Hydralisk  
  132  8:28  Overlord x5  
  132  8:38  Overlord x3  
  132  8:47  Drone x4  
  136  8:49  Hydralisk x3  
  136  8:50  Hydralisk  
  144  8:55  Hive  
  144  9:02  Zerg Missile Weapons Level 2  
  144  9:05  Zergling x10  
  144  9:06  Zergling x8  
  153  9:15  Spine Crawler  
  152  9:17  Spine Crawler x2  
  152  9:18  Spine Crawler  
  149  9:28  Zergling x22  
  160  9:50  Roach  
  160  9:51  Roach x9  
  179  9:57  Roach  
  179  9:58  Roach x2  
  184  10:09  Roach x4  
  184  10:12  Roach  
  188  10:27  Ultralisk Cavern  
  184  10:41  Roach x3  
  184  10:42  Roach x6  
  199  10:44  Overlord x2  
  199  10:45  Overlord x4  
  199  10:47  Zergling x2  
  200  10:55  Zerg Ground Armor Level 2  
  200  11:07  Glial Reconstitution  
  148  11:27  Roach x6  
  148  11:28  Roach x8  
  148  11:29  Roach x3  
  182  11:37  Drone x6  
  182  11:38  Drone  
  189  11:40  Extractor  
  189  11:41  Drone, Extractor  
  156  11:47  Ultralisk  
  156  11:48  Ultralisk x2  
  138  12:01  Ultralisk  
  132  12:02  Zergling x8  
  132  12:03  Zergling x4  
  136  12:25  Ultralisk x2  
  136  12:27  Zergling x10  
  136  12:28  Zergling x6  
  156  12:37  Hatchery  
  156  12:39  Drone  
  156  12:55  Ultralisk x2  
  156  12:57  Zergling x2  
  170  12:58  Zergling x2  
  170  13:03  Zergling x8  
  170  13:05  Zergling x2  
  181  13:15  Zergling x2  
  181  13:16  Zergling x8  
  181  13:17  Zergling x2  
Tags
 
Add a new tag
Caveats
  • Supply blocks, unpowered buildings, or Contaminate may cause inaccurate times.
  • Supply counts are checked every 10 seconds.